 Dungeon Crawl Stone Soup version 0.30.1-11-g7821555f0a (webtiles) character file.

Game seed: 6853583615757885127

2042 bnorton916 the Thaumaturge (level 9, -4/45 HPs)
             Began as a Deep Elf Fire Elementalist on Dec 2, 2023.
             Was an Initiate of Gozag.
             Slain by an orc warrior
             ... wielding a +0 trident of protection
              (16 damage)
             ... on level 7 of the Dungeon.
             The game lasted 00:13:54 (9375 turns).

bnorton916 the Thaumaturge (DEFE)                   Turns: 9375, Time: 00:13:54

Health: -4/45      AC:  9    Str: 13    XL:     9   Next: 4%
Magic:  6/24       EV: 12    Int: 23    God:    Gozag
Gold:   827        SH:  0    Dex: 15    Spells: 8/26 levels left

rFire   + + .        k - staff of fire
rCold   x . .        (no shield)
rNeg    . . .        a - +0 robe
rPois   .            m - +0 helmet
rElec   .            s - +1 cloak
rCorr   .            j - +0 pair of gloves
SInv    .            v - +0 pair of boots
Will    +....        (no amulet)
Stlth   ++           h - +6 ring of strength
HPRegen 0.27/turn    i - ring of fire
MPRegen 0.19/turn

%: no passive effects
@: no status effects
A: talons 1, iridescent scales 1, strong-willed 1
a: Renounce Religion, Potion Petition, Call Merchant, Bribe Branch


You were on level 7 of the Dungeon.
You worshipped Gozag.
Gozag was pleased with you.
You visited 2 branches of the dungeon, and saw 8 of its levels.

You collected 882 gold pieces.
You paid 55 gold pieces to Gozag.

Inventory:

Hand Weapons
 r - a +4 spectral short sword
Missiles
 N - a throwing net
Armour
 a - a +0 robe (worn)
 j - a +0 pair of gloves (worn)
 m - a +0 helmet (worn)
 s - a +1 cloak (worn)
 v - a +0 pair of boots (worn)
 y - the +10 plate armour "Moam" {rC+ Str+3 Int+2}
   (You found it on level 3 of the Dungeon)

   Str:       It affects your strength (+3).
   Int:       It affects your intelligence (+2).
   rC:        It protects you from cold.
 D - an orb of energy
Magical Staves
 k - a staff of fire (weapon)
 I - a staff of cold
Jewellery
 h - a +6 ring of strength (left hand)
 i - a ring of fire (right hand)
 J - a ring of positive energy
 M - a ring of protection from fire
Wands
 n - a wand of flame (18)
 A - a wand of iceblast (5)
 H - a wand of polymorph (9)
Scrolls
 c - a scroll of enchant weapon
 d - 2 scrolls of noise
 g - 3 scrolls of teleportation
 o - a scroll of blinking
 x - 2 scrolls of amnesia
 z - 2 scrolls of immolation
 G - a scroll of enchant armour
Potions
 b - a potion of magic
 e - a potion of heal wounds
 f - 3 potions of might {unknown}
 l - a potion of ambrosia
 q - 2 potions of mutation
 t - 2 potions of flight {unknown}
 w - 3 potions of lignification {unknown}
 B - a potion of degeneration
 C - 5 potions of brilliance {unknown}
 E - a potion of haste {unknown}
 L - a potion of invisibility


   Skills:
 - Level 2.4 Dodging
 - Level 2.4 Stealth
 + Level 9.0 Spellcasting
 + Level 7.1 Conjurations
 - Level 2.0 Translocations
 - Level 5.4 Fire Magic
 + Level 5.3 Ice Magic
 - Level 2.0 Air Magic
 - Level 2.0 Poison Magic


You had 8 spell levels left.
You knew the following spells:

 Your Spells              Type           Power      Damage    Failure   Level
a - Foxfire               Conj/Fire      100%       2x1d9     1%          1
b - Scorch                Fire           100%       2d9       1%          2
c - Volatile Blastmotes   Fire/Tloc      100%       2d18      4%          3
d - Mephitic Cloud        Conj/Pois/Air  27%        N/A       4%          3
e - Freezing Cloud        Conj/Ice/Air   16%        6-21      24%         5
f - Flame Wave            Conj/Fire      73%        2d16      4%          4

Your spell library contained the following spells:

 Spells                   Type           Power      Damage    Failure   Level
 Lesser Beckoning         Tloc           38%        N/A       4%          2
 Poisonous Vapours        Pois/Air       38%        N/A       4%          2
 Beastly Appendage        Tmut           20%        N/A       6%          1
 Inner Flame              Hex/Fire       51%        N/A       6%          3
 Gell's Gravitas          Tloc           19%        N/A       9%          3
 Teleport Other           Tloc           19%        N/A       9%          3
 Wereblood                Tmut           10%        N/A       10%         2
 Spider Form              Tmut/Pois      15%        N/A       12%         3
 Dispersal                Tloc           9%         N/A       99%         6


Dungeon Overview and Level Annotations

Branches:
Dungeon (7/15)             Temple (1/1) D:4

Altars:
Dithmenos
Gozag
Hepliaklqana
Kikubaaqudgha
Makhleb
Nemelex Xobeh
Ru
Sif Muna
Trog
Vehumet
Wu Jian
Xom
Yredelemnul

Annotations:
D:5 1 runed translucent door, PredatorCatcher's ghost, amateur FeCj
D:6 1 runed translucent door, auo's ghost, novice OgTm


Innate Abilities, Weirdness & Mutations

You have sharp toenails.
You are partially covered in iridescent scales. (AC +2)
You are strong-willed. (Will+)


Message History

The orc warrior is heavily wounded.
Casting: Foxfire (safe; 1% risk of failure)
Confirm with . or Enter, or press ? or * to list all spells.
You feel a strong surge of power!
You conjure some foxfire!
The foxfire hits the orc warrior.
The orc warrior is severely wounded.
Casting: Foxfire (safe; 1% risk of failure)
Confirm with . or Enter, or press ? or * to list all spells.
You feel a strong surge of power!
You conjure some foxfire!
The orc warrior closely misses you.
The foxfire hits the orc warrior but does no damage.
The orc warrior is severely wounded.
The foxfire hits the orc warrior but does no damage.
The orc warrior is severely wounded.
The orc warrior closely misses you.
Unknown command.
Casting: Foxfire (safe; 1% risk of failure)
Confirm with . or Enter, or press ? or * to list all spells.
You feel a strong surge of power!
Flames lash the orc warrior.
The orc warrior is severely wounded.
The orc warrior's fire resistance burns away.
The orc warrior hits you from afar with a +0 trident of protection.
The orc warrior hits you but does no damage.
Unknown command.
Casting: Scorch (safe; 1% risk of failure)
Confirm with . or Enter, or press ? or * to list all spells.
You feel a strong surge of power!
Flames lash the orc warrior.
The orc warrior is burned terribly!
The orc warrior is almost dead.
The orc warrior hits you from afar with a +0 trident of protection!
* * * LOW HITPOINT WARNING * * *
The orc warrior closely misses you.
Casting: Scorch (safe; 1% risk of failure)
Confirm with . or Enter, or press ? or * to list all spells.
You feel a strong surge of power!
Flames lash the orc warrior but do no damage.
The orc warrior hits you but does no damage.
The orc warrior hits you from afar with a +0 trident of protection!
You die...
Your body crumbles into a pile of gold.

.........$.# #....##
.......##.####.....#
##.....#..$.......#
####.##.......###### #
###.###...$..####>##
.##.#)........$.##...#
.#............o.##...###
....#........##$$......##
....#........##.@.[.#...##
#...###......$...#..##...#####
##.###.........###.#.#..<....#
##.###.........#.........#...#
##...#............#.....##..##
...........<.....####....# ..#
...##..........##########..
..# #.###...............# ..
.## ..## ...............# .


You could see an orc warrior (combustible).

Vanquished Creatures
  A steam dragon (D:7)
  A water moccasin (D:7)
  An ice beast (D:5)
  A black bear (D:4)
  3 sky beasts
  2 ogres
  A phantom (D:4)
  A kobold brigand (D:7)
  A gnoll sergeant (D:6)
  2 scorpions
  2 jellies
  3 orc priests
  Terence (D:2)
  5 hounds
  4 sleepcaps
  2 iguanas
  2 orc wizards (D:5)
  11 gnolls
  7 adders
  A shadow imp (D:7)
  3 white imps
  An ufetubus (D:4)
  2 worms (D:2)
  A dart slug (D:1)
  20 orcs
  7 ball pythons
  5 bats
  7 endoplasms
  3 giant cockroaches
  5 goblins
  8 hobgoblins
  4 jackals (D:2)
  11 kobolds
  3 quokkas
  4 frilled lizards
  4 rats
140 creatures vanquished.

Vanquished Creatures (others)
  A butterfly (D:7)
  540 foxfires
541 creatures vanquished.

Grand Total: 681 creatures vanquished

Notes
Turn   | Place    | Note
-------+----------+-------------------------------------------
     0 | D:1      | bnorton916 the Deep Elf Fire Elementalist began the quest
                  | for the Orb.
     0 | D:1      | Reached XP level 1. HP: 10/10 MP: 6/6
   228 | D:1      | Reached XP level 2. HP: 15/15 MP: 6/8
   485 | D:1      | Learned a level 2 spell: Scorch
  1282 | D:1      | Found a faded altar of an unknown god.
  1440 | D:2      | Reached XP level 3. HP: 19/19 MP: 5/10
  1922 | D:2      | Noticed Terence
  1934 | D:2      | Killed Terence
  1935 | D:2      | Reached skill level 4 in Spellcasting
  1935 | D:2      | Reached XP level 4. HP: 24/24 MP: 7/12
  2500 | D:2      | Learned a level 3 spell: Volatile Blastmotes
  2504 | D:2      | Learned a level 3 spell: Mephitic Cloud
  2901 | D:3      | Found a sparkling altar of Nemelex Xobeh.
  2987 | D:3      | Identified the +10 plate armour "Moam" {rC+ Str+3 Int+2}
  3047 | D:3      | Found a burning altar of Makhleb.
  3384 | D:4      | Reached XP level 5. HP: 28/28 MP: 8/14
  3653 | D:4      | Found a staircase to the Ecumenical Temple.
  3678 | Temple   | Entered the Ecumenical Temple
  3855 | Temple   | Became a worshipper of Gozag Ym Sagoz the Greedy
  3903 | D:4      | Noticed a phantom
  3925 | D:4      | Killed a phantom
  3926 | D:4      | Reached skill level 5 in Spellcasting
  3926 | D:4      | Reached skill level 5 in Fire Magic
  4020 | D:4      | Reached XP level 6. HP: 32/32 MP: 11/16
  4452 | D:4      | Reached skill level 6 in Spellcasting
  4532 | D:4      | Reached skill level 1 in Air Magic
  4532 | D:4      | Reached skill level 1 in Poison Magic
  4532 | D:4      | Reached XP level 7. HP: 8/36 MP: 12/18
  5410 | D:5      | Entered Level 5 of the Dungeon
  5451 | D:5      | Reached skill level 1 in Translocations
  5522 | D:5      | Reached skill level 1 in Ice Magic
  5740 | D:5      | Found a sacrificial altar of Ru.
  6013 | D:5      | Found a runed translucent door.
  6125 | D:5      | Reached skill level 5 in Conjurations
  6419 | D:5      | Found a bloodstained altar of Trog.
  6900 | D:5      | Reached skill level 7 in Spellcasting
  6900 | D:5      | Reached XP level 8. HP: 28/41 MP: 12/20
  7370 | D:5      | Noticed PredatorCatcher's ghost (amateur FeCj)
  7833 | D:6      | HP: 1/41 [gnoll sergeant/+0 spear (7)]
  7908 | D:5      | Reached skill level 8 in Spellcasting
  8488 | D:6      | Gained mutation: You are partially covered in iridescent
                  | scales. (AC +2) [potion of mutation]
  8488 | D:6      | Gained mutation: You are strong-willed. (Will+) [potion of
                  | mutation]
  8488 | D:6      | Gained mutation: You have sharp toenails. [potion of
                  | mutation]
  8514 | D:6      | Found a runed translucent door.
  8516 | D:6      | Found a shimmering altar of Xom.
  8516 | D:6      | Noticed a +0 flail of chaos
  8516 | D:6      | Noticed auo's ghost (novice OgTm)
  9012 | D:7      | Reached skill level 5 in Ice Magic
  9120 | D:7      | Learned a level 5 spell: Freezing Cloud
  9125 | D:7      | Learned a level 4 spell: Flame Wave
  9264 | D:7      | Reached XP level 9. HP: 23/45 MP: 15/23
  9357 | D:7      | Reached skill level 9 in Spellcasting
  9375 | D:7      | Slain by an orc warrior

Illustrated notes

Levels and vault maps discovered:
D:1:      minmay_arrival_stair_chambers, layout_basic,
          hellmonk_ecumenical_altar_pennies_from_heaven
D:2:      layout_basic, uniq_terence
D:3:      layout_rooms, lightli_temple_of_fire, nemelex_dance_club_becter
D:4:      minmay_angry_zag, layout_layer_cave, minmay_temple_entry_tees,
          nicolae_elevator_lobby_asterisk
D:5:      layout_loops_corners, nicolae_ru_great_annihilating_truth,
          trog_hazing_becter, ebering_ghost_sewer_d, nicolae_titane
D:6:      layout_rooms, ebering_ghost_xom
D:7:      layout_cave_pools, led_xom_imps, nicolae_elyvilon_peaceful_grove,
          overflow_temple_1_default
Temple:   nicolae_temple_bog_church

Skill      XL: |  1  2  3  4  5  6  7  8  9 |
---------------+----------------------------+-----
Conjurations   | 2 3 4 5 7 |  7.1
Fire Magic     | 4 5 |  5.4
Spellcasting   | 4 5 6 7 8 9 |  9.0
Air Magic      | 1 2 |  2.0
Poison Magic   | 1 2 |  2.0
Translocations | 2 |  2.0
Ice Magic      | 2 5 |  5.3
Dodging        | |  2.4
Stealth        | |  2.4

Action                     |  1- 3 |  4- 6 |  7- 9 || total
---------------------------+-------+-------+-------++-------
   Cast: Foxfire           |    94 |    66 |   149 ||   309
         Scorch            |     1 |    25 |    43 ||    69
         Volatile Blastmot |       |       |     2 ||     2
         Mephitic Cloud    |       |       |     6 ||     6
    Use: Scroll            |       |       |    14 ||    14
         Potion            |       |       |     3 ||     3
 Armour: Robe              |     1 |     8 |    37 ||    46
  Dodge: Dodged            |     1 |    13 |    53 ||    67
